 Dungeon Crawl Stone Soup version 0.25.0-11-g1f837a76a1 (webtiles) character file.

Game seed: 8078315432597015610

6300 Ge0ff the Covert (level 10, -1/47 HPs)
             Began as a Spriggan Enchanter on June 25, 2020.
             Was a Priest of Dithmenos.
             Splashed by Maurice's acid (13 damage)
             ... on level 9 of the Dungeon.
             The game lasted 00:30:16 (10739 turns).

Ge0ff the Covert (Spriggan Enchanter)              Turns: 10739, Time: 00:30:17

Health: -1/47      AC:  5    Str:  4    XL:     10   Next: 63%
Magic:  2/21       EV: 24    Int: 20    God:    Dithmenos [***...]
Gold:   661        SH:  5    Dex: 23    Spells: 12/23 levels left

rFire    + . .     SeeInvis +   b - +2 dagger (venom)
rCold    . . .     Gourm    .   (shield restricted)
rNeg     . . .     Faith    .   y - +2 robe {rF+}
rPois    .         Spirit   .   (helmet restricted)
rElec    .         Reflect  +   u - +0 cloak {Stlth+}
rCorr    .         Harm     .   (gloves unavailable)
MR       +....                  (boots unavailable)
Stlth    +++++++...             X - amulet of reflection
HPRegen  0.15/turn              P - +6 ring of dexterity {=R}
MPRegen  0.17/turn              W - +4 ring of protection

@: corroded, wreathed by umbra, very quick
A: very small, unfitting armour, see invisible, herbivore, speed 3, slow
metabolism 2
a: Shadow Step, Renounce Religion


You were on level 9 of the Dungeon.
You worshipped Dithmenos.
Dithmenos was most pleased with you.
You were not hungry.

You visited 2 branches of the dungeon, and saw 10 of its levels.
You also visited: Sewer.

You collected 661 gold pieces.

Inventory:

Hand Weapons
 a - a +1 dagger of electrocution
 b - a +2 dagger of venom (weapon)
 v - a +0 rapier
 w - a +2 dagger of chaos
 z - a +2 short sword of venom
 O - a +3 dagger
Missiles
 g - a throwing net {=f}
 Q - 5 boomerangs (quivered)
 Y - 23 poisoned darts
Armour
 u - a +0 cloak of stealth (worn)
 y - a +2 robe of fire resistance (worn)
Jewellery
 D - an uncursed ring of poison resistance
 G - the ring of Athrinwym {rF- rC+ rN+++ Str-4 Stlth+}
   (You found it on level 5 of the Dungeon)

   [ring of protection from cold]

   It affects your strength (-4).
   It makes you vulnerable to fire.
   It protects you from cold.
   It renders you almost immune to negative energy.
   It makes you more stealthy.
 P - a +6 ring of dexterity (left hand) {=R}
 V - an uncursed ring of resist corrosion
 W - a +4 ring of protection (right hand)
 X - an amulet of reflection (around neck)
 Z - an uncursed ring of teleportation
Wands
 c - a wand of clouds (6)
 f - a wand of flame (27)
 j - a wand of acid (7)
Scrolls
 B - 2 scrolls of blinking
 C - 6 scrolls of remove curse
 E - 2 scrolls of fear
 F - 2 scrolls of fog
 S - 2 scrolls of enchant armour
 T - 6 scrolls of teleportation
Potions
 q - 5 potions of curing
 x - a potion of flight {unknown}
 H - 2 potions of haste {!q}
 I - a potion of invisibility
 J - a potion of heal wounds {unknown}
 K - a potion of magic {!q}
 L - a potion of lignification
 M - 2 potions of brilliance {unknown}
 N - 2 potions of cancellation {!q}
 R - 4 potions of degeneration {unknown}
 U - 3 potions of might {unknown}
Comestibles
 r - 16 rations


   Skills:
 + Level 2.4 Fighting
 * Level 8.6 Short Blades
 + Level 6.6 Dodging
 + Level 9.6 Stealth
 + Level 7.1 Spellcasting
 + Level 2.9 Conjurations
 + Level 9.5 Hexes
 - Level 3.0 Ice Magic
 + Level 3.8 Invocations
 + Level 4.0 Evocations


You had 12 spell levels left.
You knew the following spells:

 Your Spells              Type           Power        Failure   Level  Hunger
d - Tukima's Dance        Hex            #####...     1%          3    #......
k - Ensorcelled Hibernat  Hex/Ice        ####..       1%          2    None
m - Dazzling Flash        Conj/Hex       ####..       2%          3    #......
t - Confusing Touch       Hex            #####...     1%          3    #......

Your spell library contained the following spells:

 Spells                   Type           Power        Failure   Level  Hunger
 Corona                   Hex            #####..      1%          1    None
 Magic Dart               Conj           ###.         2%          1    None
 Searing Ray              Conj           ###...       4%          2    None
 Summon Guardian Golem    Hex/Summ       ####....     4%          3    #......
 Fulminant Prism          Conj/Hex       ####......   7%          4    ###....
 Animate Skeleton         Necr           N/A          10%         1    None
 Pain                     Necr           #...         10%         1    None
 Summon Small Mammal      Summ           #...         10%         1    None
 Call Imp                 Summ           #.......     14%         2    None
 Metabolic Englaciation   Hex/Ice        ####......   21%         5    #####..
 Call Canine Familiar     Summ           #.......     28%         3    #......
 Gell's Gravitas          Tloc           #.........   28%         3    #......
 Vampiric Draining        Necr           #.........   28%         3    #......
 Yara's Violent Unravell  Hex/Tmut       ####......   36%         5    #####..
 Iskenderun's Mystic Bla  Conj/Tloc      ##......     45%         4    ###....
 Summon Ice Beast         Ice/Summ       ##......     45%         4    ###....
 Animate Dead             Necr           N/A          67%         4    ###....
 Petrify                  Tmut/Erth      #.......     67%         4    ###....
 Summon Lightning Spire   Summ/Air       #.......     67%         4    ###....
 Agony                    Necr           #.......     95%         5    #####..


Dungeon Overview and Level Annotations

Branches:
Dungeon (9/15)             Temple (1/1) D:4             Orc (0/2) D:9
  Sewer (visited)
   Lair: D:8-11

Altars:
Ashenzari
Cheibriados
Dithmenos
Elyvilon
Fedhas
Gozag
Hepliaklqana
Kikubaaqudgha
Makhleb
Nemelex Xobeh
Okawaru
Qazlal
Ru
Sif Muna
Trog
Uskayaw
Vehumet
Wu Jian
Xom
Yredelemnul
Zin
The Shining One

Shops:
D:7 (   D:8 [

Annotations:
D:9 Maurice


Innate Abilities, Weirdness & Mutations

You are very small and have problems with some larger weapons.
You are too small for most types of armour.
You have supernaturally acute eyesight. (SInv)
You are a herbivore.
You cover ground extremely quickly.
You need to consume almost no food.


Message History

The ogre is engulfed in poison gas.
The ogre looks even sicker.
You hit Maurice.
Maurice looks as sick as possible!
Maurice is heavily wounded.
You closely miss Maurice.
Maurice is heavily wounded.
The ogre is engulfed in poison gas.
The ogre looks even sicker.
Maurice is engulfed in poison gas.
Maurice looks as sick as possible!
Maurice misses you.
The phantom blinks!
You hit Maurice.
Maurice is heavily wounded.
The ogre is engulfed in poison gas.
The ogre looks as sick as possible!
Maurice is engulfed in poison gas.
Maurice looks as sick as possible!
Maurice zaps a wand.
The bolt of acid hits you!!
Ouch! That really hurt!
* * * LOW HITPOINT WARNING * * *
You emit a cloud of dark smoke.
The acid corrodes you!
You are splashed with acid!
You die...

#...#.. #.##.#
#...#. #.....
##...[ ###...
#...§# #...#. #.
#☼§°.# ###...
#..Z#§§W.####..
##.#
......§O.......
#.#
#######@########
###.# #@######.#
#....
#§§§.....##
#....
########..#
#.... ##.# #....
#.# #.... #.#
##### #.######..
#........#
########.#


You could see Maurice (invisible, extremely poisoned), a phantom and an ogre
(extremely poisoned).

Vanquished Creatures
  A hydra (D:8)
  Psyche (D:8)
  Sigmund (D:4)
  2 dream sheep (D:8)
  2 yaks (D:8)
  Grum (D:8)
  The ghost of floatboth the Skirmisher, an amateur DsAK of Lugonu (D:5)
  A water moccasin (D:9)
  2 orc warriors
  2 sky beasts
  4 black bears
  3 ogres
  A necrophage (D:6)
  A phantom (D:6)
  4 wolves (D:8)
  3 big kobolds (D:8)
  4 bullfrogs
  A wyvern zombie (D:7)
  4 scorpions
  9 killer bees
  3 howler monkeys
  4 wights (D:9)
  An electric eel (D:6)
  3 crimson imps
  5 hounds
  Crazy Yiuf (D:2)
  4 orc priests
  A bullfrog skeleton (D:4)
  5 orc wizards
  Jessica (D:2)
  3 iguanas
  8 worker ants
  2 killer bee zombies
  A hound zombie (D:5)
  2 hound skeletons
  11 adders
  A gnoll (D:1)
  3 river rats
  2 shadow imps (D:6)
  2 oozes
  4 worms
  4 dart slugs (D:2)
  3 leopard geckos
  36 orcs
  8 ball pythons
  4 giant cockroaches
  9 goblins
  8 hobgoblins
  10 jackals
  7 quokkas
  A ball python skeleton (D:6)
  9 bats
  7 frilled lizards
  16 kobolds
  A leopard gecko skeleton (D:6)
  8 rats
  5 plants (Sewer)
251 creatures vanquished.

Vanquished Creatures (others)
  2 plants
2 creatures vanquished.

Grand Total: 253 creatures vanquished

Notes
Turn   | Place    | Note
-------+----------+-------------------------------------------
     0 | D:1      | Ge0ff the Spriggan Enchanter began the quest for the Orb.
     0 | D:1      | Reached XP level 1. HP: 9/9 MP: 5/5
   138 | D:1      | Reached XP level 2. HP: 1/13 MP: 4/6
   142 | D:1      | Learned a level 2 spell: Ensorcelled Hibernation
  1073 | D:1      | Reached XP level 3. HP: 16/16 MP: 8/8
  1088 | D:1      | Learned a level 3 spell: Confusing Touch
  1114 | D:2      | Reached skill level 1 in Ice Magic
  1268 | D:2      | Reached XP level 4. HP: 11/21 MP: 9/9
  1482 | D:2      | Noticed Jessica
  1496 | D:2      | Killed Jessica
  1496 | D:2      | Reached skill level 5 in Stealth
  1779 | D:2      | Reached XP level 5. HP: 24/24 MP: 3/11
  1793 | D:2      | Reached skill level 5 in Hexes
  2032 | D:2      | Reached XP level 6. HP: 28/28 MP: 7/12
  2345 | D:2      | Found a runed translucent door.
  2346 | D:2      | Noticed Crazy Yiuf
  2354 | D:2      | Killed Crazy Yiuf
  2468 | D:2      | Found a hide-covered altar of Uskayaw.
  2470 | D:2      | Found a sparkling altar of Nemelex Xobeh.
  2527 | D:3      | Found a glowing drain.
  2631 | Sewer    | Entered a sewer
  3178 | Sewer    | Reached XP level 7. HP: 32/32 MP: 9/14
  4563 | D:4      | Found a staircase to the Ecumenical Temple.
  4575 | Temple   | Entered the Ecumenical Temple
  4596 | Temple   | Became a worshipper of Dithmenos the Shadowed
  5255 | D:4      | Noticed Sigmund
  5434 | D:4      | Killed Sigmund
  5434 | D:4      | Reached skill level 5 in Short Blades
  5484 | D:4      | Reached XP level 8. HP: 36/36 MP: 13/16
  5682 | D:5      | Entered Level 5 of the Dungeon
  5734 | D:5      | Found a runed translucent door.
  5739 | D:5      | Noticed floatboth's ghost (amateur DsAK)
  5866 | D:5      | Found a runed translucent door.
  5901 | D:5      | Reached skill level 5 in Spellcasting
  5915 | D:5      | Learned a level 3 spell: Tukima's Dance
  5919 | D:5      | Learned a level 3 spell: Dazzling Flash
  6012 | D:5      | Got a twitching lead ring
  6013 | D:5      | Lost strength.
  6013 | D:5      | Identified the ring of Athrinwym {rF- rC+ rN+++ Str-4
                  | Stlth+} (You found it on level 5 of the Dungeon)
  6037 | D:5      | Found a bloodstained altar of Trog.
  6194 | D:5      | Found a sacrificial altar of Ru.
  6319 | D:5      | Killed floatboth's ghost
  6552 | D:5      | Got an ancient war axe
  6585 | D:5      | Identified the cursed +1 war axe of Eternal Vigilance
                  | {freeze, *Slow rF++ Str+5} (You found it on level 5 of the
                  | Dungeon)
  6914 | D:6      | Reached skill level 1 in Invocations
  6935 | D:6      | Reached * piety under Dithmenos
  7096 | D:6      | Reached skill level 1 in Conjurations
  7776 | D:6      | Reached XP level 9. HP: 39/39 MP: 18/18
  8451 | D:7      | Found Fakkeusi's Weapon Boutique.
  8467 | D:7      | Reached ** piety under Dithmenos
  8726 | D:7      | Found a basalt altar of Yredelemnul.
  8809 | D:7      | Found a white marble altar of Elyvilon.
  8973 | D:7      | Reached skill level 1 in Evocations
  9072 | D:8      | Noticed Grum
  9089 | D:8      | Reached skill level 5 in Dodging
  9105 | D:8      | Killed Grum
  9105 | D:8      | Reached skill level 1 in Fighting
  9387 | D:8      | Found Derr's Armour Emporium.
  9518 | D:8      | Noticed Psyche
  9525 | D:8      | Killed Psyche
  9663 | D:8      | Found a glowing silver altar of Zin.
  9699 | D:8      | Reached XP level 10. HP: 46/46 MP: 11/20
 10012 | D:8      | Noticed a three-headed hydra
 10021 | D:8      | Killed a three-headed hydra
 10427 | D:9      | Found a staircase to the Orcish Mines.
 10480 | D:9      | Reached *** piety under Dithmenos
 10705 | D:9      | Noticed Maurice
 10739 | D:9      | Splashed by Maurice's acid

Illustrated notes

Levels and vault maps discovered:
D:1:      dpeg_arrival_round_c, layout_basic
D:2:      layout_rooms, nicolae_overflow_hidden_temple, uniq_crazy_yiuf_cottage,
          uniq_jessica
D:3:      layout_rooms, portal_sewer_entry_b
D:4:      layout_basic, minmay_temple_entry_offerings, minmay_vboxes,
          uniq_sigmund
D:5:      layout_gridville, kennysheep_mini_moat, first_ration,
          ebering_ghost_sewer_f, amethyst_killhole, trog_hazing_becter
D:6:      layout_basic, serial_bayou_pond_b
D:7:      layout_rooms, lemuel_crystal_altar, lemuel_round_altar, serial_shops,
          shop
D:8:      layout_basic, marbit_many_paths, serial_shops, shop_coins,
          hangedman_ranch [blue_anna_fruit_fields], uniq_grum, uniq_psyche
D:9:      minmay_recursive_quarters, layout_loops_cross, david_orc_2,
          uniq_maurice
Temple:   lightli_temple_of_artemis

Skill      XL: |  1  2  3  4  5  6  7  8  9 10 |
---------------+-------------------------------+-----
Hexes          | 4 5 6 8 9 |  9.5
Spellcasting   | 3 4 5 6 7 |  7.1
Short Blades   | 2 3 4 5 6 7 8 |  8.6
Ice Magic      | 1 2 3 |  3.0
Stealth        | 5 6 7 8 9 |  9.6
Invocations    | 1 3 |  3.8
Conjurations   | 1 2 |  2.9
Dodging        | 4 5 6 |  6.6
Evocations     | 2 4 |  4.0
Fighting       | 1 2 |  2.4

Action                   |  1- 3 |  4- 6 |  7- 9 | 10-12 || total
-------------------------+-------+-------+-------+-------++-------
Melee: Dagger            |    16 |    10 |   162 |   114 ||   302
       Short sword       |    46 |   109 |   294 |     5 ||   454
Throw: Dart              |       |       |    16 |       ||    16
       Boomerang         |       |       |     9 |     6 ||    15
 Cast: Corona            |     3 |       |       |       ||     3
       Ensorcelled Hiber |     2 |    25 |    62 |    28 ||   117
       Confusing Touch   |       |       |     7 |     4 ||    11
Evoke: Wand              |       |       |     2 |     1 ||     3
  Use: Scroll            |     1 |     4 |    15 |     2 ||    22
 Stab: Sleeping          |     6 |    19 |    49 |    16 ||    90
       Confused          |       |       |     9 |     4 ||    13
  Eat: Ration            |       |     1 |     3 |     1 ||     5
Armor: Robe              |     9 |    10 |    24 |     7 ||    50
       Animal skin       |       |       |     1 |       ||     1
Dodge: Dodged            |    50 |   105 |   246 |    51 ||   452
Block: Other             |       |       |    45 |    12 ||    57
       Reflection        |       |       |     3 |     1 ||     4

Levels and vault maps discovered:
D:1:      dpeg_arrival_round_c, layout_basic
D:2:      layout_rooms, nicolae_overflow_hidden_temple, uniq_crazy_yiuf_cottage,
          uniq_jessica
D:3:      layout_rooms, portal_sewer_entry_b
D:4:      layout_basic, minmay_temple_entry_offerings, minmay_vboxes,
          uniq_sigmund
D:5:      layout_gridville, kennysheep_mini_moat, first_ration,
          ebering_ghost_sewer_f, amethyst_killhole, trog_hazing_becter
D:6:      layout_basic, serial_bayou_pond_b
D:7:      layout_rooms, lemuel_crystal_altar, lemuel_round_altar, serial_shops,
          shop
D:8:      layout_basic, marbit_many_paths, serial_shops, shop_coins,
          hangedman_ranch [blue_anna_fruit_fields], uniq_grum, uniq_psyche
D:9:      minmay_recursive_quarters, layout_loops_cross, david_orc_2,
          uniq_maurice
Temple:   lightli_temple_of_artemis
